 Dungeon Crawl Stone Soup version 0.31-a0-236-g9a0961fb85 (webtiles) character file.

Game seed: 4968115898109538600

97 qw the Shooter (level 4, -6/26 HPs)
             Began as a Gargoyle Hexslinger on July 10, 2023.
             Mangled by Natasha (7 damage)
             ... on level 2 of the Dungeon.
             The game lasted 00:00:41 (1238 turns).

qw the Shooter (Gargoyle Hexslinger)                Turns: 1238, Time: 00:00:42

Health: -6/26      AC:  7    Str: 11    XL:     4   Next: 68%
Magic:  5/5        EV: 11    Int: 14    God:
Gold:   119        SH:  0    Dex: 14    Spells: 4/5 levels left

rFire   . . .        Y - +1 sling
rCold   . . .        (no shield)
rNeg    + . .        d - +0 leather armour
rPois   inf          (no helmet)
rElec   +            e - +0 cloak
rCorr   .            (no gloves)
SInv    .            (no boots)
Will    .....        (no amulet)
Stlth   +            (no ring)
HPRegen 0.24/turn    (no ring)
MPRegen 0.09/turn

%: no passive effects
@: about to teleport
A: sickness immunity, AC +3, negative energy resistance 1, electricity
resistance, torment resistance 1, petrification resistance, screaming 1
a: no special abilities


You were on level 2 of the Dungeon.
You visited 1 branch of the dungeon, and saw 2 of its levels.

You collected 119 gold pieces.


Innate Abilities, Weirdness & Mutations

You are immune to sickness and miasma.
Your stone body is resilient. (AC +3)
You are immune to poison.
You resist negative energy. (rN+)
You are resistant to electric shocks. (rElec)
You are resistant to unholy torment.
You are immune to petrification.
You occasionally shout uncontrollably at your foes.


   Skills:
 - Level 2.0 Fighting
 + Level 4.4 Ranged Weapons
 - Level 1.5 Dodging
 - Level 1.0 Spellcasting
 - Level 2.6 Hexes


You had 4 spell levels left.
You knew the following spells:

 Your Spells              Type           Power      Damage    Failure   Level
a - Slow                  Hex            32%        N/A       12%         1

Your spell library contained the following spells:

 Spells                   Type           Power      Damage    Failure   Level
 Inner Flame              Hex/Fire       4%         N/A       52%         3
 Portal Projectile        Hex/Tloc       8%         N/A       52%         3
 Cause Fear               Hex            4%         N/A       75%         4

Inventory:

Hand Weapons
 Y - a +1 sling (weapon)
Armour
 b - a +0 ring mail
 c - a scarf of harm
 d - a +0 leather armour (worn)
 e - a +0 cloak (worn)
Scrolls
 l - 3 scrolls of amnesia {unknown}
Potions
 f - a potion of mutation
 g - a potion of resistance {unknown}
 h - a potion of degeneration {unknown}
 i - a potion of haste {unknown}
 j - 2 potions of might {unknown}
 k - a potion of heal wounds {unknown}

Dungeon Overview and Level Annotations

Branches:
Dungeon (2/15)

Altars:

Annotations:
D:2 Natasha, Sigmund


Message History

Natasha barely misses you. Sigmund barely misses you.
Natasha barely misses you. Sigmund barely misses you. Natasha claws you.
You feel less confused. Natasha claws you.
You shoot a sling bullet. The sling bullet misses Natasha.
The sling bullet hits Sigmund.
Sigmund is lightly wounded.
Sigmund barely misses you. Natasha claws you.
You shoot a sling bullet. The sling bullet hits Natasha!
Natasha is severely wounded.
Sigmund barely misses you. Natasha claws you.
You shoot a sling bullet.
The sling bullet closely misses Natasha.
The sling bullet hits Sigmund.
Sigmund is moderately wounded.
Natasha misses you. Sigmund hits you but does no damage.
You shoot a sling bullet.
The sling bullet closely misses Natasha.
The sling bullet completely misses Sigmund.
Natasha casts a spell.
Sigmund hits you from afar with a +0 scythe.
Natasha completely misses you.
You shoot a sling bullet.
The sling bullet hits Natasha but does no damage.
Natasha is severely wounded.
Natasha closely misses you. The cerulean imp barely misses you.
You shoot a sling bullet. The sling bullet hits Natasha.
Natasha is severely wounded.
Sigmund closely misses you. Natasha claws you!
The cerulean imp hits you but does no damage.
1237 ||| READING scroll of teleportation.
As you read the scroll of teleportation, it crumbles to dust.
You feel strangely unstable. Sigmund hits you but does no damage.
Natasha closely misses you.
The cerulean imp hits you with a +6 spear.
You shoot a sling bullet. The sling bullet hits Natasha.
Natasha is severely wounded.
Natasha claws you!
You die...

... ....
......... .....
.). ........#
......#.#
........#
......#5#########
.....@h@........#
........#.#######
#####......#
#.....######
#..........#
#......###.#
#......###.#
####..........#
.......%..###.#


You could see Sigmund, Natasha and a cerulean imp (summoned).

Vanquished Creatures
  Natasha (D:2)
  2 adders (D:2)
  2 worms (D:2)
  A dart slug (D:2)
  5 ball pythons
  7 bats
  4 endoplasms (D:1)
  2 giant cockroaches (D:2)
  4 goblins
  A hobgoblin (D:2)
  2 jackals (D:1)
  4 kobolds (D:1)
  2 quokkas
  3 frilled lizards
  5 rats
45 creatures vanquished.

Notes
Turn   | Place    | Note
-------+----------+-------------------------------------------
     0 | D:1      | qw the Gargoyle Hexslinger began the quest for the Orb.
     0 | D:1      | Reached XP level 1. HP: 12/12 MP: 2/2
     0 | D:1      | 0 ||| qw: Version: 0.3-a-52-g30416fa
     0 | D:1      | 0 ||| qw: Game counter: 4824
     0 | D:1      | 0 ||| qw: Melee chars always use a shield: true
     0 | D:1      | 0 ||| qw: God list: Okawaru
     0 | D:1      | 0 ||| qw: Allow faded altars: false
     0 | D:1      | 0 ||| qw: Do Orc after clearing Dungeon:15 true
     0 | D:1      | 0 ||| qw: Do second Lair branch before Depths: true
     0 | D:1      | 0 ||| qw: Lair rune preference: random
     0 | D:1      | 0 ||| qw: Goals: Normal
     0 | D:1      | 0 ||| PLANNING D:1-11
    47 | D:1      | Reached XP level 2. HP: 16/16 MP: 3/3
    65 | D:1      | Reached skill level 3 in Ranged Weapons
   256 | D:1      | Reached XP level 3. HP: 21/21 MP: 4/4
   479 | D:1      | 479 ||| UPGRADING to +0 leather armour.
   489 | D:1      | 489 ||| DROPPING +0 robe.
   490 | D:1      | 490 ||| UPGRADING to +0 cloak.
   495 | D:1      | 495 ||| READING 2 scrolls labelled KUISCH OPPUICODGH.
   498 | D:1      | 498 ||| DRINKING 2 white potions.
   498 | D:1      | Gained mutation: You occasionally shout uncontrollably at
                  | your foes. [potion of mutation]
   499 | D:1      | 499 ||| DROPPING scroll of poison.
   797 | D:2      | Reached XP level 4. HP: 15/26 MP: 5/5
   966 | D:2      | Noticed Natasha
   971 | D:2      | Killed Natasha
   972 | D:2      | Reached skill level 4 in Ranged Weapons
  1219 | D:2      | Noticed Natasha
  1220 | D:2      | Noticed Sigmund
  1236 | D:2      | HP: 6/26 [Natasha (7)]
  1237 | D:2      | 1237 ||| READING scroll of teleportation.
  1237 | D:2      | HP: 1/26 [cerulean imp/+6 spear[Natasha] (5)]
  1238 | D:2      | Mangled by Natasha

Levels and vault maps discovered:
D:1:      lemuel_arrival_broad_hall, layout_rooms, minmay_tetromino_l4
D:2:      layout_basic, serial_aquarium, aquarium_bridge_square
          [aquarium_subvault_bridge, aquarium_subvault_bridge,
          aquarium_subvault_bridge, aquarium_subvault_bridge],
          aquarium_bridge_square [aquarium_subvault_balcony,
          aquarium_subvault_bridge, aquarium_subvault_bridge,
          aquarium_subvault_bridge], aquarium_window_fake, aquarium_window_1,
          aquarium_view_2f, nicolae_the_louvre, uniq_sigmund, uniq_natasha

Skill      XL: |  1  2  3  4 |
---------------+-------------+-----
Ranged Weapons | 3 4 |  4.4
Fighting       | 2 |  2.0
Dodging        | |  1.5
Spellcasting   | |  1.0
Hexes          | |  2.6

Action                     |  1- 3 |  4- 6 || total
---------------------------+-------+-------++-------
   Fire: Sling             |   145 |    42 ||   187
    Use: Scroll            |     1 |     1 ||     2
         Potion            |     1 |       ||     1
 Armour: Robe              |    22 |       ||    22
         Leather armour    |    14 |     8 ||    22
  Dodge: Dodged            |    50 |    28 ||    78

Table legend:
 A = Non-vault XP
 B = Vault XP
 C = Vault XP percentage of total XP
 D = Non-vault monster count
 E = Vault monster count
 F = Vault count percentage of total count
                 A         B        C        D         E       F
            +---------+---------+-------+---------+---------+-------
      Total |      98 |      41 |  29.5 |      41 |       4 |   8.9
            +---------+---------+-------+---------+---------+-------
        D:1 |      38 |       5 |  11.6 |      24 |       3 |  11.1
        D:2 |      60 |      36 |  37.5 |      17 |       1 |   5.6
            +---------+---------+-------+---------+---------+-------
